 Dungeon Crawl Stone Soup version 0.31-a0-858-g469dc525a8 (webtiles) character file.

Game seed: 4851419477699238552

317 BritishOli the Trooper (level 6, -14/48 HPs)
             Began as a Demonspawn Fighter on Oct 9, 2023.
             Was an Initiate of Okawaru.
             Demolished by Edmund
             ... wielding a +4 heavy flail
              (16 damage)
             ... on level 5 of the Dungeon.
             The game lasted 00:02:24 (4073 turns).

BritishOli the Trooper (Demonspawn Fighter)         Turns: 4073, Time: 00:02:25

Health: -14/48     AC:  7    Str: 18    XL:     6   Next: 20%
Magic:  6/6        EV: 14    Int:  9    God:    Okawaru [......]
Gold:   123        SH:  5    Dex: 13    Spells: 5/5 levels left

rFire   . . .        a - +0 war axe
rCold   . . .        c - +0 buckler
rNeg    . . .        b - +0 scale mail
rPois   .            (no helmet)
rElec   .            (no cloak)
rCorr   .            (no gloves)
SInv    .            (no boots)
Will    .....        (no amulet) Stlth
                     (no ring)
HPRegen 0.28/turn    (no ring)
MPRegen 0.10/turn

%: no passive effects
@: agile
A: hooves 1, (demonic guardian 1), powered by pain 1
a: Renounce Religion


You were on level 5 of the Dungeon.
You worshipped Okawaru.
Okawaru was noncommittal.
You visited 1 branch of the dungeon, and saw 5 of its levels.

You collected 123 gold pieces.

Inventory:

Hand Weapons
 a - a +0 war axe (weapon)
Missiles
 g - 2 throwing nets
Armour
 b - a +0 scale mail (worn)
 c - a +0 buckler (worn)
Jewellery
 h - a +6 ring of intelligence
 u - a ring of magical power
 v - a ring of protection from cold
Wands
 r - a wand of flame (14)
Scrolls
 e - 2 scrolls of fear {unknown}
 k - a scroll of vulnerability {unknown}
 l - 2 scrolls of identify {unknown}
 m - a scroll of teleportation {unknown}
 n - a scroll of amnesia {unknown}
 p - a scroll of fog {unknown}
 q - 3 scrolls of enchant armour {unknown}
 s - a scroll of blinking {unknown}
 w - a scroll of revelation {unknown}
 x - a scroll of immolation {unknown}
Potions
 d - 2 potions of might
 f - 2 potions of lignification {unknown}
 i - a potion of mutation {unknown}
 j - a potion of heal wounds {unknown}
 o - a potion of curing {unknown}
 t - a potion of enlightenment {unknown}
 z - a potion of ambrosia {unknown}


   Skills:
 + Level 4.3 Fighting
 + Level 3.3 Axes
 + Level 3.9 Armour
 + Level 3.9 Shields


You had 5 spell levels left.
You didn't know any spells.
Your spell library contained the following spells:

 Spells                   Type           Power      Damage    Failure   Level
 Blink                    Tloc           0%         N/A       93%         2
 Cigotuvi's Dreadful Rot  Necr/Pois/Air  0%         N/A       93%         2
 Lesser Beckoning         Tloc           0%         N/A       93%         2
 Momentum Strike          Conj/Tloc      0%         3d8       93%         2
 Dispel Undead            Necr           0%         3d6       100%        4
 Death Channel            Necr           Unusable   N/A       N/A         6

Dungeon Overview and Level Annotations

Branches:
Dungeon (5/15)             Temple (0/1) D:4

Altars:
Fedhas
Okawaru
Qazlal
Ru
Trog
Vehumet
Yredelemnul

Shops:
D:4 *

Annotations:
D:5 Edmund


Innate Abilities, Weirdness & Mutations

You have large cloven feet.
((A weak demonic guardian rushes to your aid.))
You sometimes gain a little power by taking damage.


Message History

Edmund hits you with a +4 heavy flail!
Edmund is nearby!
You slash Edmund! Your kick misses Edmund.
Edmund is lightly wounded.
Edmund closely misses you.
You closely miss Edmund. You kick Edmund, but do no damage.
Edmund is lightly wounded.
Edmund barely misses you.
Edmund is nearby!
You closely miss Edmund.
Edmund is lightly wounded.
Edmund hits you with a +4 heavy flail!
Edmund is nearby!
You are too injured to fight recklessly!
Edmund is nearby!
You are too injured to fight recklessly!
Edmund is nearby!
You are too injured to fight recklessly!
You are too injured to fight recklessly!
You are too injured to fight recklessly!
You hit Edmund but do no damage. You kick Edmund, but do no damage.
Edmund is lightly wounded.
You hit Edmund. You kick Edmund, but do no damage.
Edmund is moderately wounded.
Edmund hits you with a +4 heavy flail!!
* * * LOW HITPOINT WARNING * * *
You focus on the pain.
You feel agile all of a sudden.
You barely miss Edmund. You kick Edmund, but do no damage.
Edmund is moderately wounded.
Edmund says, "People accused me of being a cutpurse!"
You block Edmund's attack.
You hit Edmund. You kick Edmund, but do no damage.
Edmund is moderately wounded.
Edmund closely misses you.
You barely miss Edmund.
Edmund is moderately wounded.
Edmund hits you with a +4 heavy flail!
You die...
Edmund says, "That'll show my brother!"

#####.##########.#+#...#+#
..........#..#.....#...#
.###.........'.....##'##
.###..###.####.....#)..#
..)....##.######.#'#...#+#
)###...........'.#.......#
.....)###.##########...###
...>......# ##.....'[..+
########### #..@@..#####
#........# #.........+
#.......### ##.......
##...#### ###.# #.#


You could see Edmund.

Vanquished Creatures
  2 scorpions
  An orc priest (D:5)
  An iguana (D:5)
  An orc wizard (D:4)
  An adder (D:2)
  2 worms (D:2)
  5 orcs
  6 endoplasms
  4 giant cockroaches
  9 goblins
  8 hobgoblins
  13 jackals
  6 quokkas
  7 ball pythons
  8 bats
  2 frilled lizards
  6 kobolds
  5 rats
87 creatures vanquished.

Vanquished Creatures (collateral kills)
  A ball python (D:1)
1 creature vanquished.

Grand Total: 88 creatures vanquished

Notes
Turn   | Place    | Note
-------+----------+-------------------------------------------
     0 | D:1      | BritishOli the Demonspawn Fighter began the quest for the
                  | Orb.
     0 | D:1      | Reached XP level 1. HP: 18/18 MP: 1/1
   167 | D:1      | Gained mutation: A weak demonic guardian rushes to your
                  | aid. [demonic ancestry]
   167 | D:1      | Reached XP level 2. HP: 24/24 MP: 2/2
   474 | D:1      | Reached XP level 3. HP: 29/29 MP: 3/3
  1307 | D:2      | Gained mutation: You sometimes gain a little power by
                  | taking damage. [demonic ancestry]
  1307 | D:2      | Reached XP level 4. HP: 35/35 MP: 4/4
  2897 | D:4      | Found Diemov's Fire Supplies.
  2931 | D:4      | Noticed a scorpion
  2944 | D:4      | Killed a scorpion
  2945 | D:4      | Reached XP level 5. HP: 18/42 MP: 5/5
  3075 | D:4      | Found a sacrificial altar of Ru.
  3085 | D:4      | Reached skill level 4 in Fighting
  3177 | D:4      | Found a staircase to the Ecumenical Temple.
  3212 | D:4      | Found a stormy altar of Qazlal.
  3218 | D:4      | Found a basalt altar of Yredelemnul.
  3225 | D:4      | Found an iron altar of Okawaru.
  3229 | D:4      | Became a worshipper of Warmaster Okawaru
  3235 | D:4      | Found a bloodstained altar of Trog.
  3243 | D:4      | Found a radiant altar of Vehumet.
  3476 | D:4      | Found a blossoming altar of Fedhas.
  3700 | D:5      | Entered Level 5 of the Dungeon
  3866 | D:5      | Gained mutation: You have large cloven feet. [demonic
                  | ancestry]
  3866 | D:5      | Reached XP level 6. HP: 44/48 MP: 6/6
  4062 | D:5      | Noticed Edmund
  4070 | D:5      | HP: 1/48 [Edmund/+4 heavy flail (20)]
  4073 | D:5      | Demolished by Edmund

Illustrated notes

Levels and vault maps discovered:
D:1:      sevenhm_arrival_forest_fort_large_4, layout_rooms, serial_park_tiny_1
D:2:      layout_basic, st_stairs_7, chequers_serial_rivers_small_b
D:3:      layout_basic
D:4:      layout_gridville, nicolae_ru_great_annihilating_truth,
          mainiacjoe_overflow_small_starburst, grunt_temple_overflow_octagram,
          lemuel_temple_firewalk_b, hangedman_decor_diamond_cutter,
          minmay_misc_feat_ornament, nicolae_shop_fire_sale
          [nicolae_sub_dead_trees]
D:5:      nicolae_cairo_tiling_large, layout_loops_cross,
          mainiacjoe_overflow_tiny_flanked, nemelex_spade_bored_becter,
          roderic_batcave, uniq_edmund

Skill      XL: |  1  2  3  4  5 |
---------------+----------------+-----
Axes           | 2 3 |  3.3
Armour         | 3 |  3.9
Shields        | 3 |  3.9
Fighting       | 4 |  4.3

Action                     |  1- 3 |  4- 6 || total
---------------------------+-------+-------++-------
  Melee: War axe           |   158 |   128 ||   286
         Kick              |       |     5 ||     5
   Stab: Invisible         |       |     1 ||     1
         Paralysed         |       |     1 ||     1
 Armour: Scale mail        |   122 |    90 ||   212
  Dodge: Dodged            |    81 |    71 ||   152
  Block: Buckler           |    53 |    29 ||    82

Table legend: (Time is in decaauts)
 A = Elapsed time spent in this place.
 B = Non-inter-level travel time spent in this place.
 C = Inter-level travel time spent in this place.
 D = Time resting spent in this place.
 E = Time spent auto-exploring this place.
 F = Levels seen in this place.
 G = Mean time per level.
                   A        B        C        D        E       F      G
               +--------+--------+--------+--------+--------+-----+--------+
         Total |   4194 |   4052 |    142 |    141 |   3245 |   5 |  838.8 |
       Dungeon |   4194 |   4052 |    142 |    141 |   3245 |   5 |  838.8 |
               +--------+--------+--------+--------+--------+-----+--------+

Top non-repeatable levels by time:
     D:4: 1098 daAuts
     D:2: 993 daAuts
     D:3: 883 daAuts
     D:1: 832 daAuts
     D:5: 386 daAuts
